AoeStats
← AxD | Cad Bane

Arabia

509818580Analyzed
2v2 RM · 3d ago on Sep 28, 2026· 40m 49s· 4 players
Game mode
Random Map
Map size
Medium (4 player)
Population
200
Speed
Normal
Resources
Standard
Victory
Conquest
Starting age
Dark Age
Ending age
Imperial Age
RankedLock teamsTeams togetherTeam positionsShared explorationLock speedFull tech treeHidden civsTurbo modeCheats
Victory
Defeat
🇨🇱 Varangians · Chile
1643
+8
1593
+11
🇨🇳 Persians · China
1478
-10
🇦🇷 Vikings · Argentina
1443
-9
charlie parker
7:36 Loom
9:54 Feudal Age
19:24 Fletching
21:13 Padded Archer Armor
27:05 Castle Age
26:08 Double-Bit Axe
26:04 Horse Collar
27:23 Scale Mail Armor
27:08 Crossbowman
27:44 Bodkin Arrow
29:02 Leather Archer Armor
31:48 Bow Saw
32:39 Squires
32:55 Chain Mail Armor
34:21 Ballistics
36:03 Forging
秦墨子
6:21 Loom
9:19 Feudal Age
11:06 Town Watch
16:29 Forging
17:27 Scale Barding Armor
20:55 Gold Mining
24:01 Castle Age
23:29 Wheelbarrow
22:45 Fletching
22:56 Padded Archer Armor
36:13 Husbandry
37:58 Iron Casting
AxD | Keiokenkun-Uno-Puro
6:05 Loom
9:05 Feudal Age
10:15 Double-Bit Axe
11:07 Town Watch
16:41 Fletching
19:34 Padded Archer Armor
25:56 Castle Age
25:49 Horse Collar
25:59 Crossbowman
26:35 Bodkin Arrow
27:37 Leather Archer Armor
29:06 Ballistics
32:02 Bow Saw
37:02 Wheelbarrow
37:57 Squires
42:21 Imperial Age
AxD | Cad Bane
4:05 Loom
6:33 Loom
6:36 Loom
7:29 Loom
11:04 Feudal Age
11:35 Double-Bit Axe
13:18 Horse Collar
15:47 Scale Barding Armor
17:19 Bloodlines
19:38 Bloodlines
19:57 Forging
24:31 Castle Age
24:43 Light Cavalry
25:45 Chain Barding Armor
27:19 Bow Saw
32:45 Wheelbarrow
35:00 Stone Mining
36:29 Iron Casting
37:45 Hand Cart
37:49 Husbandry
38:36 Town Watch
42:37 Imperial Age
40:31 Vendel Legacy
Connection lost

Rejoining the realm…

Still unreachable

The connection could not be restored.

Session expired

The server has moved on; the page needs a fresh start.